 Dungeon Crawl Stone Soup version 0.30.0-29-ga12c61a403 (webtiles) character file.

Game seed: 8717872432923988199

40 cdecastro the Grasshopper (level 3, 0/32 HPs)
             Began as an Armataur Warper on June 19, 2023.
             Succumbed to an adder's poison
             ... on level 2 of the Dungeon.
             The game lasted 00:02:01 (946 turns).

cdecastro the Grasshopper (Armataur Warper)          Turns: 946, Time: 00:02:01

Health: 0/32       AC:  4    Str: 16    XL:     3   Next: 30%
Magic:  5/5        EV:  9    Int: 13    God:
Gold:   62         SH:  0    Dex: 11    Spells: 5/5 levels left

rFire   . . .        a - +0 falchion
rCold   . . .        (no shield)
rNeg    . . .        b - +0 leather armour
rPois   .            (no helmet)
rElec   .            (no cloak)
rCorr   .            (no gloves)
SInv    .            (no barding)
Will    .....        (no amulet)
Stlth   +            (no ring)
HPRegen 0.25/turn    (no ring)
MPRegen 0.09/turn

%: roll
@: lethally poisoned (0 -> -4), hasted, very quick
A: large, rugged brown scales 3, deformed body, armoured tail, roll, long
tongue, awkward tongue
a: no special abilities


You were on level 2 of the Dungeon.
You visited 1 branch of the dungeon, and saw 2 of its levels.

You collected 62 gold pieces.

Inventory:

Hand Weapons
 a - a +0 falchion (weapon)
Missiles
 d - 4 boomerangs of dispersal (quivered)
Armour
 b - a +0 leather armour (worn)
Scrolls
 c - a scroll of blinking
 f - 3 scrolls of vulnerability {unknown}
 h - 3 scrolls of identify {unknown}
 i - a scroll of enchant weapon {unknown}
 j - 2 scrolls of immolation
 l - a scroll of teleportation {unknown}
Potions
 e - a potion of haste
 g - a potion of might {unknown}
 k - a potion of degeneration {unknown}
 m - a potion of curing {unknown}


   Skills:
 + Level 2.7 Fighting
 + Level 2.7 Long Blades
 - Level 0.8 Throwing
 - Level 1.2 Armour
 - Level 1.3 Dodging
 - Level 1.7 Spellcasting
 - Level 3.0 Translocations


You had 5 spell levels left.
You didn't know any spells.
Your spell library contained the following spells:

 Spells                   Type           Power      Damage    Failure   Level
 Blink                    Tloc           16%        N/A       14%         2
 Lesser Beckoning         Tloc           16%        N/A       14%         2
 Teleport Other           Tloc           8%         N/A       28%         3
 Vhi's Electric Charge    Tloc/Air       10%        N/A       45%         3
 Manifold Assault         Tloc           8%         N/A       67%         4


Dungeon Overview and Level Annotations

Branches:
Dungeon (2/15)

Altars:


Innate Abilities, Weirdness & Mutations

You are completely covered in rugged brown scales. (AC +3, +7% HP)
Armour fits poorly on your strangely shaped body.
You have a long armoured tail.
You roll when moving toward enemies. (Rampage)
Your long tongue fully drains potion bottles. (2x potion effects)
Your tongue gives you trouble enunciating. (1.5x scroll delay)


Message History

You feel sick. The adder bites you.
You are more poisoned.
The adder poisons you!
You closely miss the adder.
You tail-slap the adder, but do no damage.
The adder is heavily wounded.
You feel sick. The adder bites you but does no damage. The adder bites you.
* * * LOW HITPOINT WARNING * * *
You are lethally poisoned!
The adder poisons you!
Throw: 7 boomerangs (disperse)
Press: ? - help, Q - select action Shift-Dir - straight line, f - adder
Aim: an adder (heavily wounded, 35% to hit)
You throw a boomerang of dispersal.
The boomerang of dispersal closely misses the adder.
* * * LOW HITPOINT WARNING * * *
You feel very sick. The adder bites you but does no damage.
Throw: 6 boomerangs (disperse)
Press: ? - help, Q - select action Shift-Dir - straight line, f/p - adder
Aim: an adder (heavily wounded, 35% to hit)
You throw a boomerang of dispersal.
The boomerang of dispersal barely misses the adder.
* * * LOW HITPOINT WARNING * * *
You feel very sick. The adder bites you.
* * * LOW HITPOINT WARNING * * *
The adder closely misses you.
Throw: 5 boomerangs (disperse)
Press: ? - help, Q - select action Shift-Dir - straight line, f/p - adder
Aim: an adder (moderately wounded, 35% to hit)
You throw a boomerang of dispersal.
The boomerang of dispersal hits the adder and shatters for extra damage!
The adder blinks!
You kill the adder!
* * * LOW HITPOINT WARNING * * *
You feel very sick.
It was a potion of haste.
You feel yourself speed up.
You slurp down every last drop of the potion of haste!
You die...

#. . ..######## #.# .
.........# ####..## .
.........# #......######.
#.......# #.###..#......
.#.......# #.##........).
.†...../.# #.##...#.<....
.........###.##.#.######.
........@.......#†# .
.###########......# .
####.### . #.# . #.# #.#
#.# ..# #..


There were no monsters in sight!

Vanquished Creatures
  2 adders (D:2)
  2 endoplasms (D:1)
  2 goblins
  A hobgoblin (D:1)
  4 jackals (D:1)
  3 kobolds (D:1)
  2 ball pythons (D:1)
  3 bats
  A frilled lizard (D:1)
20 creatures vanquished.

Notes
Turn   | Place    | Note
-------+----------+-------------------------------------------
     0 | D:1      | cdecastro the Armataur Warper began the quest for the Orb.
     0 | D:1      | Reached XP level 1. HP: 18/18 MP: 3/3
     0 | D:1      | Noticed an iron dragon
     2 | D:1      | Noticed an iron dragon
     4 | D:1      | Noticed a shadow dragon
     4 | D:1      | Noticed an orb of fire
     8 | D:1      | Noticed a shadow dragon
    11 | D:1      | Noticed a yellow draconian
    15 | D:1      | Noticed a tentacled monstrosity
    17 | D:1      | Noticed a shadow dragon
    19 | D:1      | Noticed an iron dragon
    21 | D:1      | Noticed a shadow dragon
   501 | D:1      | Reached XP level 2. HP: 25/25 MP: 4/4
   668 | D:1      | Found a faded altar of an unknown god.
   920 | D:2      | Reached XP level 3. HP: 31/32 MP: 5/5
   945 | D:2      | HP: 1/32 [poisoned by an adder]
   946 | D:2      | Succumbed to an adder's poison

Illustrated notes

Levels and vault maps discovered:
D:1:      shiori_arrival_whats_in_store_for_you, layout_loops_ring,
          hellmonk_ecumenical_altar_blasted
D:2:      layout_loops_cross, basic_altar, serial_shops, nicolae_shop_crystal

Skill      XL: |  1 |
---------------+----+-----
Fighting       | 2 |  2.7
Long Blades    | 2 |  2.7
Throwing       | |  0.8
Armour         | |  1.2
Dodging        | |  1.3
Spellcasting   | |  1.7
Translocations | |  3.0

Action                     || total
---------------------------++-------
  Melee: Falchion          ||    89
         Tailslap          ||     5
         Punch             ||     1
  Throw: Boomerang         ||     3
    Use: Potion            ||     1
 Armour: Leather armour    ||    50
  Dodge: Dodged            ||    66
